 Dungeon Crawl Stone Soup version 0.29.0-4-gdea44cf6ec (webtiles) character file.

Game seed: 7051555566080927954

289 qw the Chopper (level 6, -2/52 HPs)
             Began as a Minotaur Fighter on Sept 4, 2022.
             Slain by a yak (11 damage)
             ... on level 4 of the Dungeon.
             The game lasted 00:01:16 (2546 turns).

qw the Chopper (Minotaur Fighter)                   Turns: 2546, Time: 00:01:16

Health: -2/52      AC: 13    Str: 20    XL:     6   Next: 9%
Magic:  5/5        EV:  7    Int:  5    God:
Gold:   246        SH:  4    Dex: 10    Spells: 5/5 levels left

rFire   . . .      SeeInvis +   Y - +1 war axe
rCold   . . .      Faith    .   c - +0 buckler
rNeg    . . .      Spirit   .   h - +0 chain mail
rPois   .          Reflect  .   (helmet restricted)
rElec   +          Harm     .   k - +0 cloak
rCorr   .          Rampage  .   (no gloves)
Will    .....                   b - +2 pair of boots of the Mind {Drain rElec Regen+ Str-2}
Stlth   ..........              g - amulet of regeneration
HPRegen 1.77/turn               p - ring of see invisible
MPRegen 0.09/turn               (no ring)

@: no status effects
A: horns 2, retaliatory headbutt
a: no special abilities


You were on level 4 of the Dungeon.
You visited 1 branch of the dungeon, and saw 4 of its levels.

You collected 302 gold pieces.
You spent 56 gold pieces at shops.


Innate Abilities, Weirdness & Mutations

You have a pair of horns on your head.
You reflexively headbutt those who attack you in melee.


   Skills:
 - Level 4.0 Fighting
 + Level 7.4 Axes
 - Level 0.2 Throwing
 - Level 3.6 Armour
 - Level 1.0 Dodging
 - Level 3.6 Shields


You had 5 spell levels left.
You didn't know any spells.
Your spell library was empty.

Inventory:

Hand Weapons
 f - a +0 whip
 Y - a +1 war axe (weapon)
Missiles
 m - 4 boomerangs (quivered)
Armour
 b - the +2 pair of boots of the Mind (worn) {Drain rElec Regen+ Str-2}
   (You acquired it on level 2 of the Dungeon)

   Str:       It affects your strength (-2).
   rElec:     It insulates you from electricity.
   Regen:     It increases your rate of health regeneration.
   Drain:     It drains your maximum health when unequipped.
 c - a +0 buckler (worn)
 h - a +0 chain mail (worn)
 k - a +0 cloak (worn)
Jewellery
 g - an amulet of regeneration (around neck)
 p - a ring of see invisible (left hand)
 r - a ring of ice
Scrolls
 e - 2 scrolls of identify
Potions
 a - 2 potions of curing
 d - 2 potions of might
 i - a potion of magic {unknown}
 j - 2 potions of heal wounds
 l - a potion of haste {unknown}
 o - a potion of attraction {unknown}
 q - a potion of cancellation
 s - a potion of mutation {unknown}
 t - a potion of resistance {unknown}

Dungeon Overview and Level Annotations

Branches:
Dungeon (4/15)
 Temple: D:4-7

Altars:
Yredelemnul

Shops:
D:2 ?   D:3 :


Message History

A yak comes into view.
Throw: boomerang (disperse)
Press: ? - help, Q - select action, (/) - cycle Shift-Dir - straight line, f - yak You throw a boomerang of dispersal.
The boomerang of dispersal hits the yak but does no damage.
Throw: 4 boomerangs
Press: ? - help, Q - select action Shift-Dir - straight line, f/p - yak You throw a boomerang.
The boomerang hits the yak.
The yak is lightly wounded.
Throw: 4 boomerangs
Press: ? - help, Q - select action Shift-Dir - straight line, f/p - yak You throw a boomerang.
The boomerang barely misses the yak.
The boomerang hits the yak.
The yak is lightly wounded.
A yak comes into view.
2541 ||| Stepping ~*~*~tactically~*~*~ (stealth).
You see here a dart slug corpse. 2 yaks come into view.
The yak bellows!
The yak gores you!
You hit the yak but do no damage.
The yak is lightly wounded.
You slash the yak! The yak gores you. The yak gores you!
You hit the yak.
The yak is moderately wounded.
You hit the yak. The yak gores you! The yak barely misses you.
You furiously retaliate!
You headbutt the yak, but do no damage. You hit the yak.
Your headbutt misses the yak.
The yak is moderately wounded.
You hit the yak. The yak gores you but does no damage. The yak gores you.
The yak gores you but does no damage. x2; The yak barely misses you.
You closely miss the yak.
The yak is moderately wounded.
You hit the yak. You slash the yak! The yak gores you!
The yak barely misses you. You furiously retaliate!
You headbutt the yak. The yak gores you!
You die...

......#.#.#.####.###.#
.....................#
.....................#
...........#.###)#....
#>#.##.#.# #.#....
#.#.##.#.# #.#[###
#.#.#....###.#.#
#.%...#......#.#
#@###.......##.#
......YYY###.#.#####.#
.......YY# #.#.# #.#
......##.# #.#.# #<#
###### .# #.... ..# .#
#.... .# #... ##


You could see 5 yaks.

Vanquished Creatures
  An ice beast (D:4)
  A scorpion (D:4)
  An orc wizard (D:4)
  2 adders
  3 dart slugs
  12 orcs
  11 bats
  7 endoplasms
  5 giant cockroaches
  7 goblins
  7 hobgoblins
  4 jackals (D:1)
  2 quokkas
  6 ball pythons
  4 frilled lizards
  6 kobolds
  2 rats
81 creatures vanquished.

Notes
Turn   | Place    | Note
-------+----------+-------------------------------------------
     0 | D:1      | qw the Minotaur Fighter began the quest for the Orb.
     0 | D:1      | Reached XP level 1. HP: 19/19 MP: 0/0
     0 | D:1      | 0 ||| qw: Version: 0.1-a-103-gd6f5d3a
     0 | D:1      | 0 ||| qw: Game counter: 5490
     0 | D:1      | 0 ||| qw: Always use a shield: true
     0 | D:1      | 0 ||| qw: God list: Ru
     0 | D:1      | 0 ||| qw: Allow faded altars: false
     0 | D:1      | 0 ||| qw: Do Orc after D:15 true
     0 | D:1      | 0 ||| qw: Do second Lair branch before Depths: true
     0 | D:1      | 0 ||| qw: Lair rune preference: random
     0 | D:1      | 0 ||| qw: Plans: Normal
     0 | D:1      | 0 ||| PLANNING D:1-11
    40 | D:1      | 40 ||| DROPPING +0 club.
   153 | D:1      | Reached skill level 3 in Axes
   239 | D:1      | Reached XP level 2. HP: 26/26 MP: 1/1
   537 | D:1      | Reached skill level 4 in Axes
   610 | D:1      | Reached XP level 3. HP: 26/31 MP: 2/2
   958 | D:1      | 958 ||| UPGRADING to +0 cloak.
   963 | D:1      | 963 ||| READING scroll labelled FIHEHA KI ORE.
   964 | D:1      | 964 ||| READING scroll labelled ROIFEO OFIOTY.
   968 | D:1      | 968 ||| READING scroll labelled SAFU HYPSYS.
   969 | D:1      | 969 ||| READING scroll labelled TOBLUG ENWYCAF.
   970 | D:1      | 970 ||| READING scroll labelled ANIUSK OJAVERR.
  1006 | D:2      | 1006 ||| STAIRDANCE
  1110 | D:2      | Found Osilan's Magic Scroll Boutique.
  1122 | D:2      | Reached skill level 5 in Axes
  1133 | D:2      | 1133 ||| SHOPLISTING scroll of enchant weapon (105 gold,
                  | have 89).
  1133 | D:2      | 1133 ||| BUYING scroll of identify (28 gold).
  1133 | D:2      | Bought a scroll of identify for 28 gold pieces
  1133 | D:2      | 1133 ||| BUYING scroll of identify (28 gold).
  1133 | D:2      | Bought a scroll of identify for 28 gold pieces
  1133 | D:2      | 1133 ||| SHOPLISTING scroll of teleportation (42 gold, have
                  | 33).
  1172 | D:2      | Reached skill level 1 in Dodging
  1249 | D:2      | Reached XP level 4. HP: 39/39 MP: 3/3
  1413 | D:2      | 1413 ||| UPGRADING to +0 chain mail.
  1423 | D:2      | 1423 ||| DROPPING +0 scale mail.
  1424 | D:2      | 1424 ||| UPGRADING to amulet of regeneration.
  1429 | D:2      | 1429 ||| UPGRADING to ring of see invisible.
  1430 | D:2      | 1430 ||| READING scroll labelled ZUIMUHEPHU.
  1431 | D:2      | 1431 ||| READING scroll labelled PELORGH QEDISHE.
  1432 | D:2      | 1432 ||| READING scroll labelled NONAOFROF COROE.
  1432 | D:2      | Identified a scroll of acquirement
  1432 | D:2      | 1432 ||| ACQUIRING +2 pair of boots of the Mind {Drain
                  | rElec Regen+ Str-2}
  1432 | D:2      | Acquired the +2 pair of boots of the Mind {Drain rElec
                  | Regen+ Str-2}
  1434 | D:2      | 1434 ||| UPGRADING to +2 pair of boots of the Mind {Drain
                  | rElec Regen+ Str-2}.
  1439 | D:2      | 1439 ||| READING scroll labelled NIOFOPAISK.
  1440 | D:2      | 1440 ||| DRINKING 2 clear potions.
  1441 | D:2      | 1441 ||| READING 4 scrolls of identify.
  1441 | D:2      | 1441 ||| IDENTIFYING white potion
  1442 | D:2      | 1442 ||| READING 3 scrolls of identify.
  1442 | D:2      | 1442 ||| IDENTIFYING purple potion
  1443 | D:2      | 1443 ||| READING 2 scrolls of identify.
  1443 | D:2      | 1443 ||| IDENTIFYING fizzy purple potion
  1444 | D:2      | 1444 ||| DROPPING potion of lignification.
  1479 | D:3      | 1479 ||| STAIRDANCE
  1718 | D:3      | Found a faded altar of an unknown god.
  1988 | D:3      | Found Pomikebu's Book Boutique.
  2116 | D:3      | 2116 ||| DROPPING amulet of the acrobat.
  2117 | D:3      | 2117 ||| READING scroll labelled GIMUX ZAOT EBY.
  2118 | D:3      | 2118 ||| READING scroll labelled OLOSAUMMAL.
  2119 | D:3      | 2119 ||| Stepping randomly (stuck).
  2120 | D:3      | 2120 ||| Stepping ~*~*~tactically~*~*~ (cloud).
  2127 | D:3      | 2127 ||| Stepping randomly (stuck).
  2128 | D:3      | 2128 ||| Stepping ~*~*~tactically~*~*~ (cloud).
  2197 | D:4      | 2197 ||| Stepping ~*~*~tactically~*~*~ (stealth).
  2201 | D:4      | 2201 ||| Stepping ~*~*~tactically~*~*~ (hiding).
  2233 | D:4      | 2233 ||| Stepping ~*~*~tactically~*~*~ (stealth).
  2242 | D:4      | 2242 ||| Stepping ~*~*~tactically~*~*~ (stealth).
  2318 | D:4      | Noticed an ice beast
  2327 | D:4      | Killed an ice beast
  2328 | D:4      | Reached skill level 6 in Axes
  2328 | D:4      | Reached XP level 5. HP: 45/45 MP: 4/4
  2421 | D:4      | Found a basalt altar of Yredelemnul.
  2433 | D:4      | 2433 ||| Stepping ~*~*~tactically~*~*~ (stealth).
  2444 | D:4      | Reached skill level 7 in Axes
  2449 | D:4      | Reached XP level 6. HP: 52/52 MP: 5/5
  2450 | D:4      | 2450 ||| Stepping ~*~*~tactically~*~*~ (stealth).
  2499 | D:4      | 2499 ||| Stepping ~*~*~tactically~*~*~ (stealth).
  2500 | D:4      | 2500 ||| Stepping ~*~*~tactically~*~*~ (stealth).
  2502 | D:4      | Identified the +0 robe of Grot {*Slow Dex+2 Archmagi}
  2525 | D:4      | 2525 ||| Stepping ~*~*~tactically~*~*~ (hiding).
  2526 | D:4      | 2526 ||| Stepping ~*~*~tactically~*~*~ (hiding).
  2537 | D:4      | Noticed a yak
  2537 | D:4      | Noticed a yak
  2538 | D:4      | Noticed a yak
  2540 | D:4      | Noticed a yak
  2541 | D:4      | 2541 ||| Stepping ~*~*~tactically~*~*~ (stealth).
  2542 | D:4      | Noticed a yak
  2546 | D:4      | HP: 9/52 [yak (12)]
  2546 | D:4      | Slain by a yak

Levels and vault maps discovered:
D:1:      minmay_arrival_stone_box, layout_loops_cross, nicolae_hexahallways
D:2:      layout_rooms, serial_shops, nicolae_shop_waterfront
D:3:      layout_loops_ring, hellmonk_ecumenical_altar_leap_of_faith,
          serial_shops, nicolae_shop_temple_entry_statues_fountains,
          chequers_serial_rivers_large_a
D:4:      layout_loops_ring, amcnicky_altar_gilded, hangedman_decor_points

Skill      XL: |  1  2  3  4  5  6 |
---------------+-------------------+-----
Axes           | 3 4 5 6 7 |  7.4
Dodging        | 1 |  1.0
Fighting       | 4 |  4.0
Throwing       | |  0.2
Armour         | |  3.6
Shields        | |  3.6

Action                   |  1- 3 |  4- 6 || total
-------------------------+-------+-------++-------
Melee: War axe           |    80 |    90 ||   170
       Headbutt          |    10 |    11 ||    21
Throw: Boomerang         |       |    19 ||    19
  Use: Scroll            |     5 |     9 ||    14
       Potion            |       |     1 ||     1
Armor: Scale mail        |    34 |     2 ||    36
       Chain mail        |       |    41 ||    41
Dodge: Dodged            |    43 |    30 ||    73
Block: Buckler           |    14 |    12 ||    26

Table legend:
 A = Non-vault XP
 B = Vault XP
 C = Vault XP percentage of total XP
 D = Non-vault monster count
 E = Vault monster count
 F = Vault count percentage of total count
                 A         B        C        D         E       F
            +---------+---------+-------+---------+---------+-------
      Total |     413 |       0 |   0.0 |      81 |       0 |   0.0
            +---------+---------+-------+---------+---------+-------
        D:1 |      61 |       0 |   0.0 |      27 |       0 |   0.0
        D:2 |      41 |       0 |   0.0 |      17 |       0 |   0.0
        D:3 |      30 |       0 |   0.0 |      17 |       0 |   0.0
        D:4 |     281 |       0 |   0.0 |      20 |       0 |   0.0
            +---------+---------+-------+---------+---------+-------
